 Dungeon Crawl Stone Soup version 0.20.1-1-g8b1a95d66d (webtiles) character file.

7277 Gargoyl the Agent of Entropy (level 10, -5/83 HPs)
             Began as a Centaur Abyssal Knight on Dec 10, 2017.
             Was a Priest of Lugonu.
             Slain by Snorg (16 damage)
             ... on level 9 of the Dungeon.
             The game lasted 00:22:42 (13268 turns).

Gargoyl the Agent of Entropy (CeAK)                Turns: 13268, Time: 00:22:43

Health: -5/83      AC: 18    Str: 16    XL:     10   Next: 89%
Magic:  5/16       EV:  2    Int: 11    God:    Lugonu [***...]
Gold:   420        SH: 13    Dex: 11    Spells: 9/9 levels left

rFire    . . .     SeeInvis .   a - +3 hand axe
rCold    . . .     Gourm    .   t - +4 shield
rNeg     . . .     Faith    .   d - +0 plate armour
rPois    .         Spirit   .   (no helmet)
rElec    .         Reflect  .   A - +0 cloak
rCorr    .         Harm     .   k - +1 pair of gloves
MR       +....                  (no barding)
Stlth    ..........             (no amulet)
Regen    0.3/turn               n - +3 ring of protection
MPRegen  0.2/turn               s - ring of protection from magic

@: very quick
A: hooves 3, deformed body, speed 2, tough skin 3
a: Depart the Abyss, Bend Space, Banish, Renounce Religion


You were on level 9 of the Dungeon.
You worshipped Lugonu.
Lugonu was most pleased with you.
You were very hungry.

You visited 1 branch of the dungeon, and saw 10 of its levels.
You visited the Abyss 3 times.

You collected 420 gold pieces.

Inventory:

Hand Weapons
 a - a +3 hand axe (weapon)
Missiles
 g - 13 tomahawks (quivered)
Armour
 d - a +0 plate armour (worn)
 k - a +1 pair of gloves (worn)
 t - a +4 shield (worn)
 A - a +0 cloak (worn)
Jewellery
 n - a +3 ring of protection (left hand)
 p - an uncursed ring of protection from fire
 s - a ring of protection from magic (right hand)
 C - an uncursed ring of protection from fire
 H - an uncursed ring of see invisible
Wands
 l - a wand of lightning (0/15)
 D - a wand of random effects (20/48)
 F - a wand of flame (2/48)
 G - a wand of flame (37/48)
Scrolls
 e - 5 scrolls of identify
 m - 5 scrolls of remove curse
 q - 3 scrolls of teleportation
 r - 2 scrolls of recharging
 v - 2 scrolls of amnesia
 y - a scroll of blinking
Potions
 f - a potion of ambrosia
 j - 3 potions of brilliance
 w - 2 potions of berserk rage
 x - a potion of invisibility
 z - a potion of might
 E - a potion of curing
Books
 o - a book of Cantrips

   Spells                             Type                      Level
   a - Confusing Touch                Hexes                        1
   b - Animate Skeleton               Necromancy                   1
   c - Summon Small Mammal            Summoning                    1
   d - Apportation                    Translocation                1
 u - a book of Conjurations

   Spells                             Type                      Level
   a - Magic Dart                     Conjuration                  1
   b - Searing Ray                    Conjuration                  2
   c - Dazzling Spray                 Conjuration/Hexes            3
   d - Fulminant Prism                Conjuration/Hexes            4
   e - Force Lance                    Conjuration/Translocation    4
   f - Iskenderun's Mystic Blast      Conjuration                  4
 B - a book of Misfortune

   Spells                             Type                      Level
   a - Confusing Touch                Hexes                        1
   b - Confuse                        Hexes                        3
   c - Gell's Gravitas                Translocation                3
   d - Petrify                        Transmutation/Earth          4
   e - Metabolic Englaciation         Hexes/Ice                    5
   f - Yara's Violent Unravelling     Hexes/Transmutation          5
Comestibles
 b - 4 royal jellies
 c - 2 bread rations
 h - 8 fruits
 i - 6 meat rations


   Skills:
 + Level 5.9 Fighting
 + Level 7.6 Axes
 + Level 2.0 Throwing
 * Level 7.5 Armour
 + Level 1.4 Dodging
 + Level 4.6 Shields
 * Level 8.0 Invocations
 + Level 0.8 Evocations


You had 9 spell levels left.
You didn't know any spells.

Dungeon Overview and Level Annotations

Branches:
Dungeon (10/15)            Temple (0/1) D:4
   Lair: D:8-11         Orc: D:9-12

Altars:
Dithmenos
Elyvilon
Gozag
Kikubaaqudgha
Qazlal
Trog
Xom
Zin

Annotations:
D:9 Snorg


Innate Abilities, Weirdness & Mutations

You have hooves in place of feet.
Armour fits poorly on your strangely shaped body.
You cover ground very quickly.
You have extremely tough skin. (AC +3)


Message History

Snorg is lightly wounded.
Your shield and plate armour prevent you from hitting Snorg.
You kick Snorg.
Snorg is lightly wounded.
You block Snorg's attack. Snorg claws you but does no damage. x2
Your plate armour prevents you from hitting Snorg.
Snorg is lightly wounded.
Snorg looks more energetic.
Snorg bites you but does no damage. You block Snorg's attack. Snorg claws you.
You hit Snorg. You kick Snorg.
Snorg is lightly wounded.
Snorg goes berserk!
You hit Snorg.
Snorg is lightly wounded.
Snorg bites you!
* * * LOW HITPOINT WARNING * * *
Snorg claws you!
* * * LOW HITPOINT WARNING * * *
Snorg claws you!
You die...

#.# #)##...############
#....... #.#
#.##.#............#
#####..# #.#
#.##.#.##########.# #..#
#.###....#....### #.# #...
#.....#######...# #.# #.##
#####....#....#.#
#.########.#
####.###.#.####.#
#..........# .....#
#.#.....T#####..#########
.###.###........@......#
.# ##...#.#####.######.#
.# #..###.# #.#
#.########## .# ###.#.##
#.# #>#......... .#
##.#)## #.# #.#.########
.# #.#...## ##.## #.#.# #
.# ##.....###...#####.#.#
# .# ##........#....>..#.#
.######....##....#######.#


You could see Snorg (berserk).

Vanquished Creatures
  A two-headed ogre (D:9)
  The ghost of NullDivider the Covert, a novice OpAr of Nemelex Xobeh (D:8)
  The ghost of Gargoyl the Skirmisher, a novice CeAK of Lugonu (D:5)
  The ghost of Necrophagist the Thaumaturge, a novice DECj of Vehumet (D:6)
  Psyche (D:8)
  The ghost of Gerodin the Conjurer, an amateur HuCj (D:4)
  Sigmund (D:3)
  Menkaure (D:7)
  A water moccasin (D:9)
  Duvessa (D:7)
  A black bear (D:7)
  3 ice beasts (D:8)
  A sky beast (D:9)
  3 orc warriors (D:6)
  5 ogres
  3 phantoms
  5 centaurs
  A crocodile (D:9)
  2 big kobolds (D:7)
  6 bullfrogs
  3 scorpions
  A wyvern skeleton (D:9)
  Dowan (D:7)
  3 howler monkeys
  A bullfrog zombie (D:9)
  4 crimson imps
  A centaur zombie (D:6)
  5 hounds
  2 jellies
  2 quasits (D:7)
  A gnoll shaman (D:8)
  3 orc priests
  A bullfrog skeleton (D:7)
  3 orc wizards
  Crazy Yiuf (D:7)
  7 worker ants
  An iguana (D:7)
  A hound zombie (D:7)
  A hound skeleton (D:7)
  A worker ant zombie (D:9)
  A howler monkey zombie (D:9)
  4 gnolls
  10 adders
  A shadow imp (D:7)
  An ooze (D:1)
  3 worms
  A dart slug (D:4)
  8 leopard geckos
  16 orcs
  4 ball pythons
  18 giant cockroaches
  7 goblins
  5 hobgoblins
  10 jackals
  5 quokkas
  14 bats
  5 frilled lizards
  A jackal skeleton (D:8)
  14 kobolds
  A leopard gecko skeleton (D:4)
  2 quokka skeletons (D:5)
  A quokka zombie (D:3)
  6 rats
221 creatures vanquished.

Vanquished Creatures (others)
  An unseen horror (shapeshifter) (D:9)
  An orc warrior (D:8)
2 creatures vanquished.

Grand Total: 223 creatures vanquished

Notes
Turn   | Place    | Note
-------+----------+-------------------------------------------
     0 | Abyss:1  | Gargoyl the Centaur Abyssal Knight began the quest for the Orb.
     0 | Abyss:1  | Reached XP level 1. HP: 19/19 MP: 2/2
    62 | Abyss:2  | Found a corrupted altar of Lugonu.
    65 | Abyss:2  | Found a corrupted altar of Lugonu.
    80 | Abyss:2  | Noticed a fire bat
    80 | Abyss:2  | Noticed a fire bat
    86 | Abyss:2  | Noticed a fire bat
    86 | D:1      | Escaped the Abyss
   430 | D:1      | Reached XP level 2. HP: 23/26 MP: 3/3
   635 | D:1      | Reached * piety under Lugonu
   710 | D:1      | Reached XP level 3. HP: 33/33 MP: 4/4
  1430 | D:2      | Reached ** piety under Lugonu
  1594 | D:2      | Found a faded altar of an unknown god.
  1605 | D:2      | Reached XP level 4. HP: 16/40 MP: 5/5
  2315 | D:3      | Found a white marble altar of Elyvilon.
  2547 | D:3      | Noticed Sigmund
  2590 | D:3      | Killed Sigmund
  2590 | D:3      | Reached skill level 3 in Invocations
  2590 | D:3      | Reached XP level 5. HP: 12/46 MP: 7/7
  2590 | D:3      | Reached XP level 6. HP: 13/52 MP: 8/8
  3239 | D:4      | Noticed Gerodin's ghost (amateur HuCj)
  3245 | D:4      | Cast into level 1 of the Abyss (Gerodin's ghost)
  3259 | Abyss:1  | Noticed a daeva
  3259 | D:4      | Escaped the Abyss
  3283 | D:5      | Entered Level 5 of the Dungeon
  4366 | D:5      | Reached skill level 4 in Invocations
  4366 | D:5      | Reached XP level 7. HP: 55/59 MP: 10/10
  4395 | D:5      | Noticed Gargoyl's ghost (novice CeAK)
  4413 | D:5      | Killed Gargoyl's ghost
  4413 | D:5      | Reached skill level 1 in Dodging
  4413 | D:5      | Reached skill level 1 in Shields
  4413 | D:5      | Reached XP level 8. HP: 42/67 MP: 11/11
  4847 | D:4      | Found a staircase to the Ecumenical Temple.
  4925 | D:4      | Cast into level 1 of the Abyss (Gerodin's ghost)
  4959 | Abyss:1  | Noticed a sun demon
  4961 | D:4      | Escaped the Abyss
  5165 | D:4      | Killed Gerodin's ghost
  5165 | D:4      | Reached skill level 5 in Invocations
  6070 | D:6      | Noticed Necrophagist's ghost (novice DECj)
  6092 | D:5      | Reached skill level 5 in Armour
  6184 | D:6      | Killed Necrophagist's ghost
  6609 | D:6      | Reached skill level 5 in Axes
  6758 | D:6      | Reached XP level 9. HP: 38/73 MP: 13/13
  6982 | D:5      | Noticed a rust devil
  6982 | D:5      | Noticed a rust devil
  7082 | D:6      | Reached skill level 5 in Fighting
  8355 | D:7      | Reached *** piety under Lugonu
  8362 | D:7      | Reached skill level 1 in Throwing
  8392 | D:7      | Found a shadowy altar of Dithmenos.
  8417 | D:7      | Found a stormy altar of Qazlal.
  8441 | D:7      | Reached skill level 6 in Invocations
  8463 | D:7      | Found an opulent altar of Gozag.
  8689 | D:7      | Found an ancient bone altar of Kikubaaqudgha.
  8695 | D:7      | Noticed Menkaure
  9110 | D:7      | Noticed Dowan
  9123 | D:7      | Killed Dowan
  9155 | D:7      | Noticed Duvessa
  9206 | D:7      | Killed Duvessa
  9241 | D:7      | Found a shimmering altar of Xom.
  9241 | D:7      | Found a glowing silver altar of Zin.
  9241 | D:7      | Found a bloodstained altar of Trog.
  9253 | D:7      | Killed Menkaure
  9678 | D:7      | Found a runed door.
  9682 | D:7      | Noticed Crazy Yiuf
  9686 | D:7      | Killed Crazy Yiuf
  9854 | D:8      | Reached XP level 10. HP: 79/81 MP: 14/14
  9892 | D:8      | Reached **** piety under Lugonu
  9967 | D:8      | Noticed Psyche
  9979 | D:8      | Killed Psyche
 10203 | D:8      | Noticed NullDivider's ghost (novice OpAr)
 10267 | D:8      | Killed NullDivider's ghost
 10267 | D:8      | Reached skill level 7 in Invocations
 11671 | D:9      | Noticed a two-headed ogre
 11743 | D:9      | Killed a two-headed ogre
 12573 | D:9      | Banished an unseen horror
 12764 | D:9      | Reached skill level 8 in Invocations
 13205 | D:10     | Entered Level 10 of the Dungeon
 13212 | D:10     | Noticed Snorg
 13268 | D:9      | Slain by Snorg

Skill      XL: |  1  2  3  4  5  6  7  8  9 10 |
---------------+-------------------------------+-----
Armour         | 2 3 4 5 6 7 |  7.5
Axes           | 2 3 4 5 6 7 |  7.6
Fighting       | 4 5 |  5.9
Invocations    | 3 4 5 6 8 |  8.0
Dodging        | 1 |  1.4
Shields        | 1 2 3 4 |  4.6
Throwing       | 1 2 |  2.0
Evocations     | |  0.8

Action                   |  1- 3 |  4- 6 |  7- 9 | 10-12 || total
-------------------------+-------+-------+-------+-------++-------
Melee: Hand axe          |   116 |   192 |   500 |   298 ||  1106
       Kick              |    19 |    32 |   128 |    76 ||   255
Throw: Tomahawk          |       |     7 |     7 |    14 ||    28
Invok: Depart the Abyss  |     1 |     1 |     1 |       ||     3
       Banish            |       |       |       |     5 ||     5
Evoke: Wand              |       |       |     4 |     2 ||     6
  Use: Scroll            |     3 |     4 |    15 |     2 ||    24
       Potion            |       |     8 |     1 |       ||     9
  Eat: Chunk             |     1 |     8 |    16 |     6 ||    31
       Bread ration      |       |       |       |     1 ||     1
Armor: Plate armour      |   132 |   141 |   331 |   123 ||   727
       Skin              |       |    11 |       |       ||    11
Dodge: Dodged            |     9 |    12 |    14 |    17 ||    52
Block: Shield            |       |    64 |   319 |   159 ||   542
